 Dungeon Crawl Stone Soup version 0.29-a0-384-g6960b1960d (webtiles) character file.

Game seed: 10537299423718995269

12598 happo123 the Grappler (level 11, 0/105 HPs)
             Began as a Troll Berserker on May 6, 2022.
             Was an Elder of Trog.
             Slain by a red devil
             ... wielding a +0 trident
             ... summoned by an orc sorcerer
              (3 damage)
             ... on level 1 of the Orcish Mines.
             The game lasted 00:43:09 (7176 turns).

happo123 the Grappler (Troll Berserker)             Turns: 7176, Time: 00:43:10

Health: 0/105      AC: 15    Str: 35    XL:     11   Next: 64%
Magic:  10/10      EV:  8    Int:  3    God:    Trog [****..]
Gold:   744        SH: 16    Dex:  9    Spells: 10/10 levels left

rFire   . . .      SeeInvis +   M - +2 mace (protect)
rCold   . . .      Faith    .   K - +0 tower shield
rNeg    . . .      Spirit   .   z - +0 steam dragon scales
rPois   .          Reflect  +   (helmet restricted)
rElec   .          Harm     .   w - +0 cloak
rCorr   .          Rampage  .   (gloves unavailable)
Will    +....                   (boots unavailable)
Stlth   ++........              G - amulet of Psychosis {Reflect Str+4 SH+5 SInv}
HPRegen 1.07/turn               l - ring of willpower
MPRegen 0.12/turn               (no ring)

@: spiked, under a protective aura, on berserk cooldown, slowed, very slow
A: large, unfitting armour, claws 3, regeneration 1, shaggy fur 1, tough skin 1
a: Renounce Religion, Berserk, Trog's Hand, Brothers in Arms


You were on level 1 of the Orcish Mines.
You worshipped Trog.
Trog was greatly pleased with you.
You visited 2 branches of the dungeon, and saw 11 of its levels.
You also visited: Bailey.

You collected 744 gold pieces.

Inventory:

Hand Weapons
 I - a +0 hand crossbow
 M - a +2 mace of protection (weapon)
Missiles
 F - 5 silver boomerangs (quivered)
Armour
 a - a +0 animal skin
 w - a +0 cloak (worn)
 z - +0 steam dragon scales (worn)
 K - a +0 tower shield (worn)
Jewellery
 k - an amulet of regeneration
 l - a ring of willpower (left claw)
 G - the amulet of Psychosis (around neck) {Reflect Str+4 SH+5 SInv}
   (You took it off an orc on level 7 of the Dungeon)

   [amulet of reflection]

   It reflects blocked missile attacks.
   Str:       It affects your strength (+4).
   SInv:      It lets you see invisible.
   SH:        It affects your SH (+5).
Wands
 g - a wand of flame (5)
 y - a wand of acid (12)
 L - a wand of digging (2)
Scrolls
 b - 2 scrolls of identify
 c - 2 scrolls of enchant armour
 d - 2 scrolls of vulnerability
 f - a scroll of amnesia {unknown}
 j - 6 scrolls of teleportation
 m - 3 scrolls of fear
 o - 4 scrolls of poison
 u - a scroll of blinking {unknown}
 v - 2 scrolls of summoning
 A - 2 scrolls of enchant weapon
 E - 2 scrolls of fog {unknown}
 H - 2 scrolls of silence
 J - a scroll of noise {unknown}
Potions
 e - 3 potions of flight
 h - 3 potions of degeneration
 i - 8 potions of curing
 n - a potion of brilliance {unknown}
 p - a potion of resistance {unknown}
 q - a potion of might {unknown}
 r - a potion of ambrosia {unknown}
 s - a potion of berserk rage
 t - 3 potions of attraction
 x - a potion of mutation {unknown}
 B - 2 potions of magic
 C - a potion of haste
 D - a potion of heal wounds


   Skills:
 + Level 5.7 Fighting
 + Level 7.7 Dodging
 + Level 3.2 Stealth
 + Level 3.6 Shields
 + Level 14.0 Unarmed Combat


You had 10 spell levels left.
You didn't know any spells.
Your spell library was empty.

Dungeon Overview and Level Annotations

Branches:
Dungeon (9/15)             Temple (0/1) D:4             Orc (2/2) D:9
 Bailey (visited)
   Lair: D:8-11         Elf: Orc:2

Altars:
Elyvilon
Gozag
Makhleb
Qazlal
Ru
Sif Muna
Wu Jian
Beogh

Shops:
D:3 [   D:4 :


Innate Abilities, Weirdness & Mutations

You are too large for most types of armour.
You have claws for hands.
Your natural rate of healing is unusually fast.
You are covered in fur. (AC +1)
You have tough skin. (AC +1)


Message History

The soul eater disappears in a puff of smoke!
Your ogre misses the orc knight. You block the troll's attack.
The troll claws you but does no damage. The troll barely misses you.
The orc knight roars a battlecry!
The orc wizard goes into a battle-frenzy!
You block the troll's attack. x2; The troll claws you.
Your ogre barely misses the orc knight.
The orc knight barely misses your ogre. The troll barely misses you.
You block the troll's attack. The troll claws you but does no damage.
You hit the troll.
Your weapon exudes an aura of protection.
The troll is lightly wounded.
Your ogre misses the orc knight.
The orc knight hits your ogre with a +0 battleaxe!!
Your ogre dies!
Your ogre's corpse disappears in a puff of smoke!
The ogre hits you with a +0 giant club! The troll bites you but does no damage.
The troll closely misses you. You block the troll's attack. x3
The troll claws you but does no damage. You block the ogre's attack.
You block the orc knight's attack.
You sock the orc knight!
The orc knight is moderately wounded.
The orc sorcerer no longer looks unusually strong.
The troll bites you! You block the troll's attack. The troll claws you!
The orc wizard casts a spell.
The orc wizard flickers and vanishes for a moment.
The ogre hits you with a +0 giant club!
* * * LOW HITPOINT WARNING * * *
The troll bites you.
* * * LOW HITPOINT WARNING * * *
The troll closely misses you. You block the troll's attack.
The red devil hits you from afar with a +0 trident.
* * * LOW HITPOINT WARNING * * *
Barbed spikes become lodged in your body.
The orc knight barely misses you. The troll bites you but does no damage.
The troll claws you but does no damage. The troll claws you.
* * * LOW HITPOINT WARNING * * *
The orc sorcerer hits you but does no damage.
The red devil hits you from afar with a +0 trident.
You die...

............##
.......>.....##
...#..........###
#.............##
#..............##
##..............##
#...........4o..#
.........#..o#TO##
.....#...$..##o@.#
..#.#........##o##
###
...#.##.#.#####
##.# .#....####
##... #....
########<[.# ...
##.#.##.#)[.# ..
#.......[))..
##.#.##.#[#.#
####..#...##


You could see an orc knight, a troll, an orc sorcerer, a red devil (summoned),
an orc warrior (strong), an ogre and an orc wizard (strong, invisible).

Vanquished Creatures
  A two-headed ogre (D:5)
  The ghost of SirDiesAlot the Magician, a novice HuFE of Okawaru (D:7)
  An orc knight (D:9)
  A gargoyle (Bailey)
  Maggie (D:7)
  An efreet (D:9)
  A hornet (D:9)
  Prince Ribbit (D:7)
  A wyvern (D:8)
  A vampire (Bailey)
  26 yaks
  Grum (D:9)
  A steam dragon (D:6)
  A warg (D:9)
  A water moccasin (D:6)
  14 orc warriors
  4 sky beasts (D:7)
  An ice beast (D:6)
  3 ogres
  A black bear (D:6)
  4 wolves (D:9)
  3 centaurs
  3 bullfrogs
  A gnoll sergeant (D:6)
  2 scorpions
  6 killer bees (D:8)
  8 vampire bats (Bailey)
  A howler monkey (D:7)
  4 wolf zombies (Bailey)
  6 hounds
  8 orc priests
  Jessica (D:2)
  20 orc wizards
  4 iguanas
  Natasha (thrice) (D:2)
  Robin (D:3)
  12 adders
  3 gnolls (D:6)
  A white imp (D:7)
  2 ufetubi (D:5)
  4 worms
  4 dart slugs
  41 orcs
  8 ball pythons
  6 endoplasms
  4 giant cockroaches
  11 goblins
  8 hobgoblins
  3 jackals (D:1)
  8 kobolds
  3 quokkas
  2 bats
  A frilled lizard (D:3)
  23 orc zombies (Bailey)
  5 rats
287 creatures vanquished.

Notes
Turn   | Place    | Note
-------+----------+-------------------------------------------
     0 | D:1      | happo123 the Troll Berserker began the quest for the Orb.
     0 | D:1      | Reached XP level 1. HP: 22/22 MP: 0/0
   130 | D:1      | Reached XP level 2. HP: 29/29 MP: 1/1
   258 | D:1      | Reached XP level 3. HP: 36/36 MP: 2/2
   401 | D:1      | Reached ** piety under Trog
   793 | D:2      | Noticed Natasha
   798 | D:2      | Killed Natasha
   799 | D:2      | Reached XP level 4. HP: 42/45 MP: 3/3
   801 | D:2      | Noticed Jessica
   801 | D:2      | Noticed Natasha
   807 | D:2      | Killed Natasha
   808 | D:2      | Reached skill level 4 in Unarmed Combat
   823 | D:2      | Killed Jessica
   838 | D:2      | Reached XP level 5. HP: 24/53 MP: 4/4
   846 | D:2      | Noticed Natasha
   853 | D:2      | Killed Natasha
   935 | D:2      | Found a burning altar of Makhleb.
  1053 | D:2      | Found a faded altar of an unknown god.
  1280 | D:3      | Found Nedwiept's Armour Emporium.
  1308 | D:3      | Noticed Robin
  1320 | D:3      | Killed Robin
  1322 | D:3      | Reached *** piety under Trog
  1673 | D:3      | Reached skill level 5 in Unarmed Combat
  1984 | D:4      | Found an opulent altar of Gozag.
  2128 | D:4      | Reached XP level 6. HP: 48/61 MP: 5/5
  2257 | D:4      | Found a staircase to the Ecumenical Temple.
  2340 | D:4      | Found Helis Kuung's Book Boutique.
  2739 | D:5      | Entered Level 5 of the Dungeon
  2744 | D:5      | Noticed a two-headed ogre
  2750 | D:5      | Reached skill level 6 in Unarmed Combat
  2754 | D:5      | Reached skill level 1 in Stealth
  2754 | D:5      | Reached XP level 7. HP: 54/67 MP: 6/6
  2757 | D:5      | Killed a two-headed ogre
  2758 | D:5      | Reached skill level 7 in Unarmed Combat
  2758 | D:5      | Reached XP level 8. HP: 33/78 MP: 7/7
  2858 | D:5      | Found a sacrificial altar of Ru.
  2873 | D:5      | Found a stormy altar of Qazlal.
  3384 | D:6      | Reached skill level 8 in Unarmed Combat
  3478 | D:6      | Reached skill level 5 in Dodging
  3592 | D:6      | Reached skill level 9 in Unarmed Combat
  3596 | D:6      | Reached XP level 9. HP: 84/84 MP: 8/8
  3604 | D:6      | Reached **** piety under Trog
  3612 | D:6      | Reached skill level 10 in Unarmed Combat
  3834 | D:7      | Noticed Prince Ribbit
  3841 | D:7      | Killed Prince Ribbit
  3905 | D:7      | Noticed Maggie
  3916 | D:7      | Killed Maggie
  3920 | D:7      | Reached skill level 11 in Unarmed Combat
  4099 | D:7      | Found a flagged portal.
  4111 | Bailey   | Entered a bailey
  4142 | Bailey   | Noticed a gargoyle
  4148 | Bailey   | Killed a gargoyle
  4149 | Bailey   | Reached XP level 10. HP: 94/94 MP: 9/9
  4190 | Bailey   | Identified the +8 chain mail of Pyfet {Int-4 Dex+3}
  4325 | Bailey   | Reached skill level 5 in Fighting
  4429 | Bailey   | Reached ***** piety under Trog
  4526 | D:7      | Found a transporter.
  4527 | D:7      | Noticed SirDiesAlot's ghost (novice HuFE)
  4573 | D:7      | Identified the amulet of Psychosis {Reflect Str+4 SH+5
                  | SInv}
  4585 | D:7      | Found a transporter.
  4864 | D:7      | Killed SirDiesAlot's ghost
  4865 | D:7      | Reached skill level 12 in Unarmed Combat
  5008 | D:8      | Found a white marble altar of Elyvilon.
  5509 | D:8      | Found a shimmering blue altar of Sif Muna.
  5529 | D:8      | Found an ornate altar of the Wu Jian Council.
  5701 | D:9      | Noticed Grum
  5712 | D:9      | Killed Grum
  5714 | D:9      | Reached skill level 13 in Unarmed Combat
  5719 | D:9      | Reached skill level 1 in Shields
  5733 | D:9      | Reached XP level 11. HP: 91/104 MP: 10/10
  5736 | D:9      | Received a gift from Trog
  5968 | D:9      | Found a staircase to the Orcish Mines.
  6093 | D:9      | Paralysed by a hornet for 3 turns
  6644 | Orc:1    | Entered Level 1 of the Orcish Mines
  6687 | Orc:1    | Noticed an orc knight
  6706 | D:9      | Killed an orc knight
  6844 | D:9      | Reached skill level 14 in Unarmed Combat
  7059 | Orc:2    | Entered Level 2 of the Orcish Mines
  7131 | Orc:2    | Noticed an orc knight
  7161 | Orc:1    | Noticed an orc sorcerer
  7163 | Orc:1    | Noticed a sun demon
  7168 | Orc:1    | Noticed a soul eater
  7176 | Orc:1    | HP: 3/105 [troll (5)]
  7176 | Orc:1    | Slain by a red devil

Illustrated notes

Levels and vault maps discovered:
D:1:      saegor_arrival_fortress, layout_loops_ring
D:2:      layout_rooms, hellmonk_ecumenical_altar_leap_of_faith, basic_altar,
          uniq_jessica, uniq_natasha
D:3:      layout_loops_ring, portal_sewer_entry_e, serial_shops, shop,
          uniq_robin
D:4:      layout_gridville, mainiacjoe_overflow_catwalk,
          minmay_temple_entry_sparse_star, serial_shops, shop
D:5:      layout_basic, mainiacjoe_overflow_paths, grunt_qazlal_clouds
D:6:      layout_basic
D:7:      layout_loops_ring, nzn_ghost_randoct, enter_bailey_2,
          hangedman_decor_growths, corexii_hall_statues_deadend, uniq_maggie,
          uniq_prince_ribbit1
D:8:      layout_loops_ring, elyvilon_altar_3, amethyst_overflow_temple_binary
D:9:      layout_loops_cross, minmay_orc_entry_temple_small, uniq_grum
Orc:1:    layout_caves
Orc:2:    grunt_orc_cross, layout_diamond_mine, uniq_maurice

Skill      XL: |  1  2  3  4  5  6  7  8  9 10 11 |
---------------+----------------------------------+-----
Dodging        | 3 4 5 6 7 |  7.7
Fighting       | 3 4 5 |  5.7
Unarmed Combat | 4 5 6 7 9 11 13 14 | 14.0
Stealth        | 1 2 3 |  3.2
Shields        | 1 3 |  3.6

Action                   |  1- 3 |  4- 6 |  7- 9 | 10-12 || total
-------------------------+-------+-------+-------+-------++-------
Melee: Unarmed           |    68 |   179 |   140 |   385 ||   772
       Punch             |       |     5 |     4 |     7 ||    16
       Mace              |       |       |       |    22 ||    22
Invok: Berserk           |       |     1 |     2 |     7 ||    10
       Trog's Hand       |       |       |     1 |     2 ||     3
       Brothers in Arms  |       |       |       |     3 ||     3
  Use: Scroll            |       |     4 |     6 |     5 ||    15
       Potion            |       |       |       |     1 ||     1
 Stab: Sleeping          |       |     3 |     1 |     3 ||     7
       Distracted        |       |       |       |     1 ||     1
Armor: Animal skin       |    20 |    52 |     5 |       ||    77
       Steam dragon scal |       |       |    36 |   137 ||   173
Dodge: Dodged            |    31 |    92 |    66 |   143 ||   332
Block: Tower shield      |       |       |       |   280 ||   280
       Other             |       |       |       |     5 ||     5
       Reflection        |       |       |       |     3 ||     3

Table legend: (Time is in decaauts)
 A = Elapsed time spent in this place.
 B = Non-inter-level travel time spent in this place.
 C = Inter-level travel time spent in this place.
 D = Time resting spent in this place.
 E = Time spent auto-exploring this place.
 F = Levels seen in this place.
 G = Mean time per level.
                   A        B        C        D        E       F      G
               +--------+--------+--------+--------+--------+-----+--------+
         Total |   7221 |   5954 |   1267 |    247 |   3864 |  12 |  601.8 |
       Dungeon |   6472 |   5346 |   1126 |    213 |   3816 |   9 |  719.1 |
  Orcish Mines |    385 |    244 |    141 |      2 |      0 |   2 |  192.5 |
        Bailey |    362 |    362 |      0 |     31 |     48 |   1 |  362.0 |
               +--------+--------+--------+--------+--------+-----+--------+

Top non-repeatable levels by time:
     D:9: 1177 daAuts
     D:3: 813 daAuts
     D:7: 793 daAuts
     D:4: 773 daAuts
     D:1: 767 daAuts
     D:8: 717 daAuts
     D:5: 605 daAuts
     D:6: 457 daAuts
     D:2: 367 daAuts
  Bailey: 362 daAuts
   Orc:1: 281 daAuts
   Orc:2: 104 daAuts
